Map: Frost LE

Players

Fropez

  • Race: Protoss Protoss
  • League: Gold
  • Spawn Location: 5:00

BlackMike - Winner!

  • Race: Terran Terran
  • League: Silver
  • Spawn Location: 1:00

VOD

Have the link to the VOD?

Description

Time

  • Played on: Aug. 5, 2016, 12:30 p.m.
  • Length: 15:31
Show
View Real Time Build Order
Export as new Build Order

Fropez Protoss 

Build Orders: 1 Gate Expand 

Get SALT Encoding   

  12  0:02  Probe (Chrono Boost)  
  13  0:21  Pylon  
  13  0:22  Probe (Chrono Boost)  
  14  0:32  Probe (Chrono Boost)  
  15  0:41  Gateway  
  15  0:43  Probe (Chrono Boost)  
  15  0:46  Assimilator  
  16  0:53  Probe (Chrono Boost)  
  17  1:04  Probe (Chrono Boost)  
  18  1:14  Probe (Chrono Boost)  
  19  1:28  Nexus  
  19  1:39  Cybernetics Core  
  19  1:49  Probe (Chrono Boost)  
  19  1:53  Assimilator  
  20  1:59  Probe (Chrono Boost)  
  21  2:07  Warp Gate (Chrono Boost)  
  21  2:08  Pylon  
  21  2:10  Probe (Chrono Boost)  
  22  2:25  Twilight Council, Probe  
  23  2:37  Probe  
  23  2:39  Probe  
  25  2:50  Adept  
  25  2:51  Probe  
  28  3:02  Resonating Glaives (Chrono Boost)  
  24  3:11  Probe  
  23  3:28  Adept  
  25  3:38  Gateway x2  
  23  3:53  Probe  
  24  3:57  Probe  
  25  4:03  Pylon  
  25  4:05  Probe  
  26  4:18  Assimilator  
  26  4:22  Probe  
  26  4:24  Robotics Facility  
  28  4:28  Pylon  
  28  4:34  Probe  
  28  4:36  Mothership Core  
  30  4:48  Forge  
  30  4:53  Stalker  
  30  4:55  Stalker  
  30  4:57  Probe  
  35  5:01  Probe  
  36  5:09  Probe  
  36  5:11  Warp Prism (Chrono Boost)  
  39  5:24  Protoss Ground Weapons Level 1 (Chrono Boost)  
  39  5:32  Gateway  
  39  5:34  Probe  
  40  5:35  Probe  
  41  5:43  Pylon  
  41  5:46  Gateway  
  41  5:54  Probe x2  
  44  5:57  Observer  
  44  6:06  Probe, Gateway  
  45  6:13  Pylon  
  45  6:30  Adept x3  
  45  6:48  Probe x2  
  47  6:56  Immortal  
  47  7:00  Probe x2  
  51  7:12  Probe  
  52  7:17  Probe, Robotics Facility  
  53  7:24  Gateway  
  53  7:25  Adept x4  
  53  7:26  Adept x2, Gateway  
  65  7:38  Probe  
  65  7:39  Probe  
  65  7:43  Pylon  
  65  7:52  Adept x2  
  65  7:53  Adept x2  
  63  8:17  Stalker x2  
  67  8:39  Immortal  
  61  8:43  Immortal  
  63  9:11  Nexus  
  63  9:20  Stalker  
  65  9:32  Pylon  
  65  9:34  Pylon  
  65  9:36  Pylon  
  65  9:37  Photon Cannon  
  64  9:46  Immortal  
  64  9:48  Observer  
  69  10:03  Adept x5  
  69  10:04  Adept  
  51  10:36  Zealot x3  
  49  10:46  Stalker  
  51  10:51  Probe  
  52  11:02  Probe  
  53  11:15  Templar Archives  
  53  11:17  Assimilator  
  53  11:18  Probe  
  54  11:19  Probe x2  
  56  11:30  Probe  
  56  11:31  Mothership Core  
  59  11:37  Probe  
  59  11:38  Pylon  
  60  11:41  Probe, Zealot  
  63  11:51  Probe  
  64  12:02  Probe  
  65  12:14  Nexus  
  65  12:17  Assimilator  
  65  12:19  Assimilator x2  
  63  12:23  Assimilator  
  63  12:30  High Templar x3  
  63  12:31  High Templar x2  
  63  12:35  Archon x2  
  73  12:44  Gateway  
  73  12:46  High Templar  
  73  12:51  Archon, Probe  
  75  12:52  Pylon  
  75  12:55  Pylon  
  76  13:01  Probe  
  77  13:12  Probe  
  74  13:22  Probe  
  74  13:24  Adept x3  
  74  13:25  Adept x3  
  77  13:33  Probe  
  48  13:38  Probe  
  48  13:40  Probe  
  39  13:47  Pylon  
  39  13:49  Pylon  
  38  14:21  Probe x2  
  38  14:22  Cybernetics Core, Gateway  
  38  14:23  Forge  
  40  14:33  Robotics Bay  
  40  14:38  Probe  
  40  14:40  Probe, Gateway  
  40  14:44  Gateway  
  42  14:55  Pylon  
  42  15:06  Pylon  
  42  15:17  Adept x3  
Show
View Real Time Build Order
Export as new Build Order

BlackMike Terran - Winner!

Build Orders:  

Get SALT Encoding   

  12  0:01  SCV  
  13  0:13  SCV  
  14  0:22  Supply Depot  
  14  0:32  SCV  
  15  0:44  SCV  
  15  0:45  Barracks  
  15  0:49  Refinery  
  16  0:56  SCV  
  17  1:15  SCV  
  18  1:23  Supply Depot  
  18  1:27  SCV  
  18  1:29  Barracks  
  20  1:42  Reaper  
  20  1:45  Orbital Command  
  20  2:05  Supply Depot  
  20  2:14  SCV  
  21  2:17  Barracks Reactor  
  21  2:20  Marine  
  22  2:26  SCV  
  22  2:28  Supply Depot  
  23  2:37  Marine  
  24  2:47  SCV  
  24  2:49  Command Center  
  25  2:53  Marine  
  25  2:54  Marine  
  25  2:55  Marine  
  28  3:47  Marine x2  
  30  4:04  Barracks Reactor  
  30  4:05  Marine x2, Orbital Command  
  32  4:12  Refinery  
  32  4:18  Barracks  
  32  4:20  Factory  
  32  4:21  Barracks  
  32  4:22  Marine  
  33  4:26  SCV  
  33  4:30  Marine  
  35  4:39  SCV  
  35  4:40  Marine  
  37  4:51  SCV  
  38  4:56  Orbital Command  
  38  4:59  Marine x2  
  40  5:00  Marine x2  
  42  5:09  Starport  
  42  5:10  Factory Tech Lab  
  42  5:17  Marine x2, Barracks Tech Lab  
  42  5:18  Barracks Reactor  
  42  5:19  Marine x2  
  46  5:26  SCV x2  
  48  5:33  Command Center  
  48  5:35  Marine x2  
  50  5:37  Marine x2  
  50  5:38  Stimpack, SCV x2  
  50  5:41  Marauder  
  56  5:50  Starport Reactor, SCV x2  
  56  5:55  Starport  
  58  6:01  Marine x2  
  58  6:02  Marine, SCV  
  62  6:09  Supply Depot  
  62  6:11  Supply Depot  
  62  6:17  Supply Depot  
  62  6:30  Marine x3, SCV, Medivac x2  
  62  6:31  Starport Reactor  
  62  6:32  Marine  
  71  6:34  Marauder  
  71  6:36  Marine x2  
  70  6:47  SCV  
  70  6:53  Marine x2  
  73  6:59  SCV  
  74  7:08  Medivac  
  74  7:09  Medivac  
  74  7:11  SCV  
  74  7:14  Marine  
  74  7:15  Marine  
  81  7:18  Marauder  
  81  7:19  Orbital Command  
  83  7:23  SCV  
  83  7:27  Marine x2  
  83  7:28  Medivac  
  88  7:30  Marine x2  
  88  7:32  Marine  
  88  7:35  SCV  
  92  7:45  Marine  
  92  7:47  SCV  
  87  8:15  Orbital Command  
  83  8:22  Refinery  
  82  8:45  SCV  
  81  8:51  Marauder  
  81  8:52  Marine x2  
  85  8:57  Medivac x2  
  85  8:58  Marine x2, SCV  
  85  8:59  Marine  
  85  9:00  Marine  
  85  9:02  Medivac x2  
  98  9:10  Marine  
  98  9:13  Marauder  
  101  9:21  Marine  
  101  9:34  Supply Depot  
  101  9:36  Supply Depot  
  101  9:37  Supply Depot  
  101  9:41  Marine  
  101  9:42  Marine  
  101  9:43  Marine  
  101  9:55  Marine x2  
  101  9:56  Marauder  
  101  9:59  Marine  
  80  10:51  Marine x2, Marauder  
  80  10:53  Medivac x2  
  80  10:56  SCV  
  89  11:00  Refinery  
  89  11:06  SCV x2  
  89  11:08  SCV  
  89  11:09  Marine x2  
  94  11:12  Marauder  
  94  11:13  Command Center  
  96  11:18  SCV x2  
  96  11:19  Supply Depot x2  
  96  11:20  SCV, Supply Depot  
  96  11:24  Marine, Medivac x2  
  96  11:25  Marine  
  105  11:26  Marine x2  
  105  11:27  Marine x2  
  109  11:34  Marauder  
  109  11:36  SCV  
  112  11:42  Marine x2  
  112  11:44  Marine x2  
  112  11:46  Marine x2  
  118  11:48  SCV  
  119  12:00  Marine x2, SCV, Marauder  
  119  12:01  Marine, Combat Shields  
  124  12:02  Marine  
  124  12:04  Marine x2  
  128  12:12  SCV  
  129  12:18  Marine x2  
  129  12:19  Marine x2  
  129  12:22  Marine x2, Marauder  
  137  12:25  Orbital Command  
  137  12:26  Medivac x3  
  137  12:27  Medivac  
  145  12:36  Marine x2  
  147  12:37  Marine x2  
  147  12:43  Marauder  
  151  12:49  Refinery  
  151  12:50  Refinery  
  151  12:54  Marine  
  151  12:56  Medivac  
  151  12:57  Medivac  
  151  12:58  Medivac x2  
  160  12:59  Marine x2  
  160  13:01  Marine, Orbital Command  
  160  13:03  Marine  
  164  13:19  Marine x2  
  164  13:20  Marine x2  
  164  13:21  Marine  
  164  13:22  Marine  
  164  13:26  Marauder  
  164  13:46  Engineering Bay  
  164  13:47  Engineering Bay  
  164  14:02  Supply Depot  
  164  14:03  Supply Depot  
  164  14:04  Supply Depot  
  164  14:10  Marine  
  164  14:24  SCV  
  165  14:36  SCV  
  166  14:48  SCV  
  167  15:00  SCV  
Tags
 
Matchup
PvT
Replay Pack
All Mines
Spawn Locations
Close Positions
Add a new tag
Caveats
  • Supply blocks, unpowered buildings, or Contaminate may cause inaccurate times.
  • Supply counts are checked every 10 seconds.